AoeStats
← elk

Black Forest

509879964Analyzed
4v4 RM · 2d ago on Sep 28, 2026· 78m 26s· 8 players
Game mode
Random Map
Map size
Large (8 player)
Population
200
Speed
Normal
Resources
Standard
Victory
Conquest
Starting age
Dark Age
Ending age
Imperial Age
RankedLock teamsTeams togetherTeam positionsShared explorationLock speedFull tech treeHidden civsTurbo modeCheats
Victory
Defeat
🇷🇺 Japanese · Russia
999
+11
🇦🇷 Britons · Argentina
862
+16
🇹🇼 Turks · Taiwan
829
+18
🇷🇺 Hindustanis · Russia
699
+22
🇹🇼 Turks · Taiwan
898
-18
🇵🇪 Franks · Peru
880
-17
🇦🇷 Japanese · Argentina
867
-17
🇹🇷 Bohemians · Türkiye
832
-15
Olala
12:59 Loom
16:54 Feudal Age
18:04 Double-Bit Axe
19:49 Horse Collar
22:56 Stone Mining
23:00 Gold Mining
28:50 Castle Age
28:54 Wheelbarrow
28:14 Fletching
28:24 Padded Archer Armor
29:06 Town Watch
29:50 Bow Saw
29:42 Heavy Plow
30:23 Gold Shaft Mining
29:47 Bodkin Arrow
30:07 Leather Archer Armor
31:26 Fervor
31:36 Sanctity
32:25 Coinage
33:00 Forging
32:55 Squires
32:40 Arson
33:34 Sanctity
33:36 Hand Cart
34:21 Caravan
35:42 Town Patrol
36:49 Ballistics
36:42 Fortified Wall
39:38 Imperial Age
37:58 Sipahi
37:21 Treadmill Crane
37:54 Masonry
39:54 Murder Holes
39:49 Heated Shot
39:24 Man-at-Arms
40:16 Bloodlines
40:07 Husbandry
42:28 Two-Man Saw
42:13 Conscription
42:19 Bombard Tower
43:28 Banking
43:08 Guilds
43:18 Arrowslits
43:42 Artillery
44:34 Elite Janissary
45:21 Bracer
45:51 Ring Archer Armor
46:12 Architecture
46:42 Hoardings
46:52 Iron Casting
47:56 Scale Mail Armor
48:01 Scale Barding Armor
48:44 Atonement
49:20 Theocracy
63:34 Guard Tower
64:47 Blast Furnace
64:03 Chain Mail Armor
64:09 Chain Barding Armor
elk
11:40 Feudal Age
15:38 Double-Bit Axe
16:32 Horse Collar
19:27 Castle Age
17:43 Bloodlines
17:28 Gold Mining
18:42 Wheelbarrow
18:54 Stone Mining
21:46 Bow Saw
22:37 Loom
23:36 Heavy Plow
32:08 Imperial Age
29:57 Hand Cart
29:31 Town Watch
29:38 Treadmill Crane
30:48 Town Patrol
31:31 Squires
31:17 Arson
30:54 Light Cavalry
31:34 Husbandry
31:27 Fletching
32:09 Murder Holes
32:43 Ballistics
32:40 Forging
34:18 Gold Shaft Mining
33:42 Bodkin Arrow
34:38 Conscription
34:56 Scale Mail Armor
36:00 Two-Man Saw
35:18 Siege Engineers
34:59 Arrowslits
36:58 Chemistry
36:09 Masonry
36:12 Caravan
36:42 Coinage
36:58 Bracer
37:34 Iron Casting
36:58 Gambesons
36:34 Pikeman
37:34 Elite Samurai
39:15 Kataparuto
40:45 Blast Furnace
39:51 Scale Barding Armor
40:28 Hoardings
39:44 Elite Skirmisher
40:31 Thumb Ring
41:08 Yasama
42:05 Chain Mail Armor
41:51 Padded Archer Armor
42:56 Chain Barding Armor
45:51 Plate Mail Armor
45:37 Leather Archer Armor
48:58 Ring Archer Armor
50:02 Banking
64:49 Halberdier
hsqvrn
0:35 Loom
16:13 Feudal Age
16:51 Double-Bit Axe
16:48 Horse Collar
23:17 Gold Mining
26:08 Castle Age
24:46 Forging
24:41 Scale Barding Armor
25:51 Stone Mining
26:07 Fletching
29:00 Town Watch
30:03 Heavy Plow
34:00 Iron Casting
33:26 Scale Mail Armor
34:42 Husbandry
35:40 Bloodlines
36:03 Light Cavalry
39:55 Imperial Age
37:38 Scale Mail Armor
38:45 Wheelbarrow
40:46 Bow Saw
41:24 Chain Barding Armor
42:04 Blast Furnace
41:43 Thumb Ring
41:42 Padded Archer Armor
42:04 Bodkin Arrow
42:25 Chain Mail Armor
43:46 Hand Cart
43:04 Elite Skirmisher
44:25 Town Patrol
44:02 Elite Skirmisher
45:03 Caravan
45:29 Thumb Ring
46:08 Conscription
45:51 Grand Trunk Road
46:32 Hoardings
47:45 Blast Furnace
46:45 Bracer
47:02 Leather Archer Armor
47:42 Gold Shaft Mining
47:45 Stone Shaft Mining
48:33 Plate Barding Armor
47:58 Bracer
47:32 Siege Elephant
48:59 Ballistics
48:50 Fortified Wall
48:51 Masonry
48:32 Hussar
54:12 Ring Archer Armor
53:47 Heavy Camel Rider
57:12 Onager
60:07 Imperial Camel Rider
63:11 Two-Man Saw
70:38 Coinage
72:35 Banking
林归于凤
1:29 Loom
13:42 Feudal Age
14:07 Horse Collar
14:15 Double-Bit Axe
16:43 Wheelbarrow
19:54 Castle Age
19:01 Stone Mining
20:55 Bow Saw
23:01 Heavy Plow
24:02 Hand Cart
25:12 Fletching
28:24 Bodkin Arrow
30:22 Yeomen
30:16 Treadmill Crane
30:47 Fortified Wall
30:49 Masonry
30:29 Town Watch
34:21 Imperial Age
33:09 Ballistics
32:59 Town Patrol
32:54 Pikeman
33:35 Squires
33:21 Gambesons
34:06 Caravan
35:45 Conscription
34:47 Elite Longbowman
35:35 Halberdier
36:58 Warwolf
36:57 Gold Mining
37:30 Padded Archer Armor
37:42 Bracer
38:56 Two-Man Saw
39:58 Leather Archer Armor
41:01 Siege Engineers
41:58 Chemistry
42:22 Ring Archer Armor
41:56 Scale Mail Armor
42:29 Guard Tower
44:46 Capped Ram
45:35 Crossbowman
45:48 Elite Skirmisher
46:05 Heavy Mounted Crossbowman
46:09 Cranequins
46:12 Arbalester
68:31 Heavy Scorpion
英京塚大
13:20 Feudal Age
14:29 Town Watch
18:38 Castle Age
17:56 Gold Mining
21:40 Double-Bit Axe
21:38 Horse Collar
25:34 Imperial Age
25:18 Caravan
47:58 Wheelbarrow
47:08 Loom
47:24 Town Patrol
47:37 Scale Barding Armor
47:43 Forging
47:23 Fletching
47:34 Padded Archer Armor
53:47 Chain Barding Armor
54:02 Iron Casting
53:23 Bodkin Arrow
53:56 Husbandry
54:09 Bloodlines
57:30 Plate Barding Armor
57:55 Blast Furnace
61:47 Heavy Camel Rider
62:36 Scale Mail Armor
64:01 Heavy Camel Rider
Külekcikss
0:31 Loom
9:05 Feudal Age
9:49 Double-Bit Axe
14:18 Wheelbarrow
13:27 Horse Collar
19:45 Castle Age
20:58 Bow Saw
20:54 Padded Archer Armor
20:46 Fletching
25:41 Heavy Plow
27:38 Leather Archer Armor
27:55 Fervor
28:27 Hand Cart
28:55 Town Watch
30:33 Town Patrol
31:09 Caravan
35:34 Imperial Age
35:44 Chemistry
35:05 Ballistics
37:32 Conscription
38:12 Coinage
37:43 Bodkin Arrow
38:19 Ring Archer Armor
38:04 Masonry
37:49 Murder Holes
39:16 Houfnice
42:57 Banking
42:39 Guilds
42:02 Elite Hussite Wagon
44:55 Wagenburg Tactics
47:23 Bracer
52:10 Fortified Wall
52:30 Architecture
69:09 Elite Skirmisher
oO0Melow0Oo
1:43 Loom
17:59 Feudal Age
19:36 Double-Bit Axe
22:14 Castle Age
23:32 Bow Saw
23:59 Wheelbarrow
23:17 Gold Mining
25:01 Gold Shaft Mining
25:14 Hand Cart
35:29 Imperial Age
32:46 Town Watch
34:44 Fortified Wall
35:14 Stone Mining
37:48 Chemistry
38:56 Light Cavalry
39:52 Forging
39:48 Scale Barding Armor
39:58 Heavy Scorpion
41:07 Town Patrol
42:24 Chain Barding Armor
42:40 Iron Casting
43:42 Cavalier
44:23 Husbandry
45:03 Plate Barding Armor
45:29 Blast Furnace
45:12 Paladin
47:13 Chivalry
47:34 Conscription
51:42 Caravan
60:13 Scale Mail Armor
61:40 Squires
61:02 Pikeman
62:32 Chain Mail Armor
Facuxx26
0:29 Loom
14:25 Feudal Age
16:50 Wheelbarrow
20:01 Double-Bit Axe
19:59 Horse Collar
23:24 Castle Age
21:17 Stone Mining
21:21 Gold Mining
30:03 Bow Saw
36:02 Imperial Age
33:46 Heavy Plow
33:44 Pikeman
35:14 Fortified Wall
36:28 Caravan
36:51 Ballistics
36:34 Halberdier
38:26 Hand Cart
40:34 Gold Shaft Mining
42:09 Forging
42:00 Scale Mail Armor
42:07 Elite Samurai
42:25 Heavy Scorpion
45:22 Chemistry
46:04 Conscription
45:51 Squires
45:38 Gambesons
48:02 Two-Man Saw
47:39 Iron Casting
50:42 Blast Furnace
49:33 Fletching
50:34 Chain Mail Armor
51:59 Onager
53:31 Arson
53:09 Man-at-Arms
58:30 Long Swordsman
60:29 Plate Mail Armor
Connection lost

Rejoining the realm…

Still unreachable

The connection could not be restored.

Session expired

The server has moved on; the page needs a fresh start.